 Dungeon Crawl Stone Soup version 0.21-a0-278-ga722497 (webtiles) character file.

5 Gorice the Vexing (level 1, 0/16 HPs)
             Began as a Gnoll Arcane Marksman on Sept 20, 2017.
             Slain by a jackal (1 damage)
             ... on level 1 of the Dungeon.
             The game lasted 00:00:38 (73 turns).

Gorice the Vexing (Gnoll Arcane Marksman)             Turns: 73, Time: 00:00:39

Health: 0/16       AC:  2    Str:  7    XL:     1   Next: 80%
Magic:  3/3        EV: 12    Int:  7    God:
Gold:   0          SH:  0    Dex:  7    Spells: 2/3 levels left

rFire    . . .     SeeInvis .   g - +0 dagger (curse)
rCold    . . .     Gourm    .   (no shield)
rNeg     . . .     Faith    .   e - +0 robe
rPois    .         Spirit   .   (no helmet)
rElec    .         Reflect  .   (no cloak)
rCorr    .         Harm     .   (no gloves)
MR       .....                  (no boots)
Stlth    +.........             (no amulet)
HPRegen  0.05/turn              (no ring)
MPRegen  0.08/turn              (no ring)

@: no status effects
A: unchanging attributes, fangs 1, strong nose
a: no special abilities


You were on level 1 of the Dungeon.
You were not hungry.

You visited 1 branch of the dungeon, and saw 1 of its levels.

Inventory:

Hand Weapons
 a - a +0 hand crossbow
 g - a cursed +0 dagger (weapon)
Missiles
 b - 21 arrows
 d - 20 bolts
Armour
 e - a +0 robe (worn)
Books
 c - a book of Debilitation
Comestibles
 f - a bread ration {!e}
 h - a chunk of flesh


   Skills:
 + Level 2.0 Fighting
 + Level 3.1 Crossbows
 - Level 2.6 Dodging
 - Level 1.5 Spellcasting
 - Level 4.0 Hexes


You had 2 spell levels left.
You knew the following spells:

 Your Spells              Type           Power        Failure   Level  Hunger
a - Corona                Hex            #......      8%          1    ##.....


Dungeon Overview and Level Annotations

Branches:
Dungeon (1/15)

Altars:


Innate Abilities, Weirdness & Mutations

Your physical attributes are unchanging.
You have very sharp teeth.
Your uncanny sense of smell can sniff out nearby items.


Message History

You hit the jackal but do no damage.
The jackal bites you but does no damage.
The jackal barely misses you.
You completely miss the jackal. The jackal closely misses you.
You barely miss the jackal. The jackal closely misses you.
You hit the jackal.
The jackal is moderately wounded.
The jackal bites you. The jackal closely misses you.
Damage: 2 (max 2)
You hit the jackal but do no damage.
The jackal is moderately wounded.
The jackal barely misses you.
You barely miss the jackal.
The jackal is moderately wounded.
The jackal bites you. x2; The jackal closely misses you.
Damage: 2 (max 2)
You barely miss the jackal.
The jackal is moderately wounded.
The jackal bites you but does no damage. x2
You hit the jackal.
The jackal is almost dead.
The jackal closely misses you. x2; The jackal barely misses you.
You hit the jackal.
You kill the jackal!
Your Fighting skill increases to level 2!
The jackal stops glowing.
The jackal bites you.
* * * LOW HITPOINT WARNING * * *
The jackal barely misses you.
Damage: 3 (max 3)
You hit the jackal.
The jackal is severely wounded.
The jackal bites you.
* * * LOW HITPOINT WARNING * * *
The jackal bites you.
* * * LOW HITPOINT WARNING * * *
The jackal bites you.
* * * LOW HITPOINT WARNING * * *
Damage: 4 (max 4) Unknown command.
You barely miss the jackal.
The jackal is severely wounded.
The jackal bites you.
* * * LOW HITPOINT WARNING * * *
The jackal bites you but does no damage.
Damage: 3 (max 4) Unknown command.
You miss the jackal.
The jackal is severely wounded.
The jackal bites you.
You die...

.# .# #h. .# ..##.##
.# # ###.##.$# .#...
...##h.## ##.#
#.##...###. ...#
######...........
..####...##..###..##..
#............####h##
..............hh@..#
...........######..#
.###.......# ..#
..........## ###
#####.....## #.......#
#.......# #.......#
##.....##


You could see 3 jackals.

Vanquished Creatures
  A dart slug (D:1)
  A giant cockroach (D:1)
  A jackal (D:1)
3 creatures vanquished.

Notes
Turn   | Place    | Note
-------+----------+-------------------------------------------
     0 | D:1      | Gorice the Gnoll Arcane Marksman began the quest for the Orb.
     0 | D:1      | Reached XP level 1. HP: 15/15 MP: 3/3
    33 | D:1      | Reached skill level 3 in Crossbows
    70 | D:1      | Reached skill level 2 in Fighting
    71 | D:1      | HP: 4/16 [jackal (1)]
    72 | D:1      | HP: 1/16 [jackal (3)]
    73 | D:1      | Slain by a jackal

Vault maps used:
D:1:      mushboom_english_gardens

Skill      XL: |  1 |
---------------+----+-----
Crossbows      | 3 |  3.1
Fighting       | 2 |  2.0
Dodging        | |  2.6
Spellcasting   | |  1.5
Hexes          | |  4.0

Action                   || total
-------------------------++-------
Melee: Dagger            ||    21
       Bite              ||     1
 Fire: Hand crossbow     ||     2
 Cast: Corona            ||     3
Armor: Robe              ||     4
Dodge: Dodged            ||    19

Table legend:
 A = Spawn XP
 B = Non-spawn XP
 C = Spawn XP percentage of total XP
 D = Spawn monster count
 E = Non-spawn monster count
 F = Spawn count percentage of total count
 G = Total turns spent on level
                    A         B        C        D         E        F      G
               +---------+---------+-------+---------+---------+-------+---------
         Total |       0 |       8 |   0.0 |       0 |       3 |   0.0 |    73
               +---------+---------+-------+---------+---------+-------+---------
           D:1 |       0 |       8 |   0.0 |       0 |       3 |   0.0 |    73
               +---------+---------+-------+---------+---------+-------+---------

Table legend:
 A = Turns spent in this place as a percentage of turns spent in the entire game.
 B = Non-inter-level travel turns spent in this place as a percentage of non-inter-level travel turns spent in the entire game.
 C = Inter-level travel turns spent in this place as a percentage of turns spent in this place.
 D = Turns resting spent in this place as a percentage of non-inter-level travel turns spent in this place.
 E = Turns spent auto-exploring this place as a percentage of non-inter-level travel turns spent in this place.
 F = Non-inter-level travel turns spent in this place divided by the number of levels of this place that you've seen.
                   A       B       C       D       E      F
               +-------+-------+-------+-------+-------+----------------------
         Total | 100.0 | 100.0 |   0.0 |   0.0 |  23.3 |  73.0
       Dungeon | 100.0 | 100.0 |   0.0 |   0.0 |  23.3 |  73.0
               +-------+-------+-------+-------+-------+----------------------

Vault maps used:
D:1:      mushboom_english_gardens
